 Dungeon Sprint DCSS version 0.31-a0-521-gc7390f8997 (webtiles) character file.

Game seed: 6610110288384981419

1241 rocky1 the Grappler (level 8, -10/92 HPs)
             Began as a Troll Shapeshifter on Aug 11, 2023.
             Was an Initiate of Gozag.
             Mangled by Snorg (14 damage)
             ... in the Dungeon (Sprint III: "The Ten Rune Challenge").
             The game lasted 00:03:15 (1065 turns).

rocky1 the Grappler (Troll Shapeshifter)            Turns: 1065, Time: 00:03:16

Health: -10/92     AC:  4    Str: 24      XL:     8   Next: 25%
Magic:  7/7        EV: 11    Int:  6      God:    Gozag
Gold:   592        SH:  4    Dex:  9 (10) Spells: 7/7 levels left

rFire   . .          .
                       - Unarmed
rCold   . . .        (no shield)
rNeg    . . .        a - +0 animal skin
rPois   .            (helmet currently unavailable)
rElec   .            (cloak currently unavailable)
rCorr   .            (gloves unavailable)
SInv    .            (boots unavailable)
Will    .....        (no amulet)
Stlth   +            (no ring)
HPRegen 1.15/turn    (no ring)
MPRegen 0.10/turn

%: no teleportation
@: beast-form
A: beast (slay +4), large, unfitting armour, claws 3, regeneration 1, shaggy fur
1, tough skin 1, large bone plates 1, deterioration 1, robust 1
a: Begin Untransformation, Renounce Religion, Potion Petition, Call Merchant,
Bribe Branch


You were in the Dungeon.
You worshipped Gozag.
Gozag was pleased with you.
You were a hulking beast.
You visited 1 branch You collected 592 gold pieces.

Inventory:

Armour
 a - a +0 animal skin (worn)
Talismans
 c - a beast talisman (active)
 d - a flux talisman
Wands
 i - a wand of flame (27)
Scrolls
 j - a scroll of blinking
 l - a scroll of poison {unknown}
 m - 4 scrolls of identify
 p - a scroll of torment {unknown}
Potions
 b - a potion of lignification
 e - 2 potions of curing
 f - a potion of heal wounds
 h - 2 potions of magic
 k - a potion of degeneration {unknown}
 n - 3 potions of enlightenment
 o - 4 potions of mutation


   Skills:
 + Level 6.9 Fighting
 + Level 7.1 Dodging
 * Level 12.0 Unarmed Combat
 + Level 7.5 Shapeshifting


You had 7 spell levels left.
You didn't know any spells.
Your spell library contained the following spells:

 Spells                   Type           Power      Damage    Failure   Level
 Ensorcelled Hibernation  Hex/Ice        0%         N/A       58%         2
 Lesser Beckoning         Tloc           0%         N/A       58%         2
 Passwall                 Tmut/Erth      0%         N/A       58%         2
 Gell's Gravitas          Tloc           0%         N/A       83%         3
 Swiftness                Air            0%         N/A       83%         3
 Teleport Other           Tloc           0%         N/A       83%         3


Dungeon Overview and Level Annotations

Branches:
Dungeon (1/1)

Altars:
Cheibriados
Dithmenos
Elyvilon
Fedhas
Gozag
Hepliaklqana
Kikubaaqudgha
Makhleb
Nemelex Xobeh
Okawaru
Qazlal
Ru
Sif Muna
Trog
Uskayaw
Vehumet
Wu Jian
Xom
Yredelemnul
Zin
The Shining One
Jiyva
Lugonu

Annotations:
D Snorg


Innate Abilities, Weirdness & Mutations

You are a hulking beast.
Your limbs bulge with bestial killing power. (Slay +4)
You are too large for most types of armour.
You have claws for hands.
Your natural rate of healing is unusually fast.
You are covered in fur. (AC +1)
You have tough skin. (AC +1)
You are partially covered in large bone plates. (SH +4)
Your body sometimes deteriorates upon taking damage.
You are robust. (+10% HP)


Message History

You start waiting.
You open the door.
There is an open door here.
Snorg the Insatiable comes into view.
Snorg moves out of view.
What are your orders? t - Shout!
Orders for allies: a - Attack new target. r - Retreat! s - Stop attacking. g - Guard the area. f - Follow me.
Anything else - Cancel.
You shout for attention!
You hear a shout!
Okay, then.
You claw Snorg!
Snorg is lightly wounded.
Snorg closely misses you. You block Snorg's attack. Snorg claws you.
You barely miss Snorg.
Snorg is lightly wounded.
You mangle Snorg!! You claw Snorg!
Snorg is severely wounded.
Snorg goes berserk!
You scratch Snorg.
Snorg is severely wounded.
Snorg misses you. Snorg claws you. Snorg claws you but does no damage.
You mangle Snorg!!
Snorg is almost dead.
Snorg bites you!! Snorg barely misses you. Snorg claws you!!
You block Snorg's attack. Snorg claws you!
Your body deteriorates!
You feel clumsy. Snorg claws you!
* * * LOW HITPOINT WARNING * * *
You claw Snorg!
Snorg is almost dead.
Snorg bites you.
* * * LOW HITPOINT WARNING * * *
Snorg claws you!
* * * LOW HITPOINT WARNING * * *
Snorg claws you!
You die...
Your body crumbles into a pile of gold.

♣.############ $$
♣.#___#___#__#$ $ $ $
♣.#...#__.#._# $ $
♣♣.###'#'###)##$
.♣.#..........# $ $
♣..'.⌠...[....# $ $$
$$ ♣♣.#...######)# $
$
...#.⌠.#__#...#+#####
...#...#__#...#.h~§§+
...#'###__#...#§#T§§#
...#.).#__#...'.#§§§#
...#___#__'...#.#§§§#
▓▓▓▓▓▓▓▓▓▓▓▓▓▓▓▓▓▓▓▓▓


You could see Snorg (berserk).

Vanquished Creatures
  A deep elf pyromancer (D)
  A shadow (D)
  A spatial vortex (D)
  A necrophage (D)
  A water elemental (D)
  A jelly (D)
  Jessica (D)
  A wizard (D)
  A necromancer (D)
  A kobold demonologist (D)
  3 humans (D)
  A wolf (D)
  3 rats (D)
17 creatures vanquished.

Notes
Turn   | Place    | Note
-------+----------+-------------------------------------------
     0 | D        | rocky1 the Troll Shapeshifter began the quest for the Orb.
     0 | D        | Reached XP level 1. HP: 18/18 MP: 0/0
     7 | D        | Reached skill level 1 in Fighting
    11 | D        | Noticed Jessica
    15 | D        | Killed Jessica
    16 | D        | Reached skill level 4 in Unarmed Combat
    16 | D        | Reached XP level 2. HP: 9/28 MP: 1/1
   103 | D        | Reached skill level 5 in Unarmed Combat
   103 | D        | Reached XP level 3. HP: 26/36 MP: 2/2
   408 | D        | Gained mutation: You sometimes lose your temper in combat.
                  | [potion of mutation]
   408 | D        | Gained mutation: Your mind is acute. (Int +4, Str/Dex -1)
                  | [potion of mutation]
   408 | D        | Gained mutation: You are agile. (Dex +4, Str/Int -1)
                  | [potion of mutation]
   409 | D        | Lost mutation: You are agile. (Dex +4, Str/Int -1) [potion
                  | of mutation]
   409 | D        | Lost mutation: You sometimes lose your temper in combat.
                  | [potion of mutation]
   409 | D        | Lost mutation: Your mind is acute. (Int +4, Str/Dex -1)
                  | [potion of mutation]
   409 | D        | Gained mutation: You are robust. (+10% HP) [potion of
                  | mutation]
   409 | D        | Gained mutation: Your body sometimes deteriorates upon
                  | taking damage. [potion of mutation]
   409 | D        | Gained mutation: You are partially covered in large bone
                  | plates. (SH +4) [potion of mutation]
   431 | D        | Noticed a water elemental
   434 | D        | Killed a water elemental
   435 | D        | Reached skill level 6 in Unarmed Combat
   435 | D        | Reached XP level 4. HP: 49/49 MP: 3/3
   608 | D        | Reached skill level 7 in Unarmed Combat
   608 | D        | Reached XP level 5. HP: 49/59 MP: 4/4
   632 | D        | Noticed a shadow
   639 | D        | Killed a shadow
   640 | D        | Reached skill level 8 in Unarmed Combat
   640 | D        | Reached skill level 5 in Shapeshifting
   640 | D        | Reached XP level 6. HP: 52/69 MP: 5/5
   661 | D        | Found a blossoming altar of Fedhas.
   661 | D        | Found a stormy altar of Qazlal.
   661 | D        | Found a snail-covered altar of Cheibriados.
   661 | D        | Found a burning altar of Makhleb.
   661 | D        | Found a shimmering altar of Xom.
   661 | D        | Noticed a spatial vortex
   662 | D        | Found a hazy altar of Hepliaklqana.
   662 | D        | Found an opulent altar of Gozag.
   662 | D        | Found a sparkling altar of Nemelex Xobeh.
   662 | D        | Found a corrupted altar of Lugonu.
   662 | D        | Found a viscous altar of Jiyva.
   667 | D        | Became a worshipper of Gozag Ym Sagoz the Greedy
   672 | D        | Killed a spatial vortex
   673 | D        | Reached skill level 5 in Fighting
   673 | D        | Reached skill level 5 in Dodging
   673 | D        | Reached skill level 9 in Unarmed Combat
   790 | D        | Noticed a deep elf pyromancer
   790 | D        | Noticed a human
   800 | D        | Killed a deep elf pyromancer
   801 | D        | Reached skill level 11 in Unarmed Combat
   801 | D        | Reached XP level 7. HP: 55/83 MP: 6/6
   804 | D        | Killed a human
   805 | D        | Noticed a human
   809 | D        | Found a hide-covered altar of Uskayaw.
   816 | D        | Killed a human
   817 | D        | Reached XP level 8. HP: 53/92 MP: 7/7
   817 | D        | Found an iron altar of Okawaru.
   817 | D        | Found a white marble altar of Elyvilon.
   832 | D        | Found a bloodstained altar of Trog.
   832 | D        | Found a glowing golden altar of the Shining One.
   833 | D        | Found an ornate altar of the Wu Jian Council.
   838 | D        | Found a glowing silver altar of Zin.
   866 | D        | Found a radiant altar of Vehumet.
   866 | D        | Found a shimmering blue altar of Sif Muna.
   866 | D        | Found an ancient bone altar of Kikubaaqudgha.
   872 | D        | Noticed an ice devil
   941 | D        | Found a basalt altar of Yredelemnul.
   941 | D        | Found a shadowy altar of Dithmenos.
   941 | D        | Found a sacrificial altar of Ru.
   949 | D        | Reached skill level 12 in Unarmed Combat
  1057 | D        | Noticed Snorg
  1065 | D        | HP: 4/92 [Snorg (11)]
  1065 | D        | Mangled by Snorg

Illustrated notes

Levels and vault maps discovered:
D:        dungeon_sprint_mu [sprint_mu_entry_forest, sprint_mu_temple_rooms,
          sprint_mu_d1_horrors, sprint_mu_d2_genie, sprint_mu_d3_branching,
          sprint_mu_orc_legion, sprint_mu_elf_gauntlet, sprint_mu_hive_nellie,
          sprint_mu_lair_fedhas, sprint_mu_vaults_butterflies,
          sprint_mu_slime_circle, sprint_mu_swamp_cave, sprint_mu_snake_twists,
          sprint_mu_blade_basic, sprint_mu_crypt_lich, sprint_mu_tomb_spiral,
          sprint_mu_vestibule_basic, sprint_mu_gehenna_hellfire,
          sprint_mu_dis_giant, sprint_mu_tartarus_statrot,
          sprint_mu_cocytus_islands, sprint_mu_zot1]

Skill      XL: |  1  2  3  4  5  6  7  8 |
---------------+-------------------------+-----
Fighting       | 2 3 4 6 |  6.9
Dodging        | 2 3 4 6 7 |  7.1
Unarmed Combat | 4 5 6 7 8 11 12 | 12.0
Shapeshifting  | 4 5 7 |  7.5

Action                     |  1- 3 |  4- 6 |  7- 9 || total
---------------------------+-------+-------+-------++-------
  Melee: Unarmed           |    26 |    19 |    32 ||    77
         Punch             |       |       |     3 ||     3
    Use: Potion            |     3 |     1 |       ||     4
 Armour: Animal skin       |     4 |       |     2 ||     6
  Dodge: Dodged            |    13 |     4 |     6 ||    23
  Block: Other             |       |       |     5 ||     5

Table legend: (Time is in decaauts)
 A = Elapsed time spent in this place.
 B = Non-inter-level travel time spent in this place.
 C = Inter-level travel time spent in this place.
 D = Time resting spent in this place.
 E = Time spent auto-exploring this place.
 F = Levels seen in this place.
 G = Mean time per level.
                   A        B        C        D        E       F      G
               +--------+--------+--------+--------+--------+-----+--------+
         Total |   1043 |   1043 |      0 |    707 |      0 |   1 | 1043.0 |
       Dungeon |   1043 |   1043 |      0 |    707 |      0 |   1 | 1043.0 |
               +--------+--------+--------+--------+--------+-----+--------+

Top non-repeatable levels by time:
       D: 1043 daAuts
